 Dungeon Crawl Stone Soup version 0.20.0-15-g7f486f2 (webtiles) character file.

51 esteth the Digger (level 3, 0/19 HPs)
             Began as a Gargoyle Earth Elementalist on June 18, 2017.
             Slain by Terence
             ... wielding a +2 flail of protection
              (3 damage)
             ... on level 2 of the Dungeon.
             The game lasted 00:03:55 (1508 turns).

esteth the Digger (Gargoyle Earth Elementalist)     Turns: 1508, Time: 00:03:56

Health: 0/19       AC:  5    Str: 11    XL:     3   Next: 83%
Magic:  0/6        EV: 12    Int: 16    God:
Gold:   134        SH:  0    Dex: 10    Spells: 5/6 levels left

rFire    . . .     SeeInvis .   a - +2 short sword (freeze)
rCold    . . .     Gourm    .   (no shield)
rNeg     + . .     Faith    .   c - +0 robe
rPois    ∞         Spirit   .   (no helmet)
rElec    +         Reflect  .   (no cloak)
rCorr    .         Harm     .   (no gloves)
MR       .....                  (no boots)
Stlth    ++........             (no amulet)
Regen    0.1/turn               (no ring)
MPRegen  0.1/turn               (no ring)

@: no status effects
A: negative energy resistance 1, electricity resistance, unbreathing,
petrification resistance, rot immunity, AC +3
a: no special abilities


You were on level 2 of the Dungeon.
You were not hungry.

You visited 1 branch of the dungeon, and saw 2 of its levels.

You collected 134 gold pieces.

Inventory:

Hand Weapons
 a - a +2 short sword of freezing (weapon)
Missiles
 b - 67 stones (quivered)
Armour
 c - a +0 robe (worn)
Scrolls
 f - a scroll of blinking {unknown}
 j - a scroll of recharging {unknown}
 k - 5 scrolls of identify
 m - 3 scrolls of remove curse {unknown}
Potions
 i - a potion of might {unknown}
 l - a potion of brilliance {unknown}
 n - a potion of degeneration {unknown}
 o - a potion of ambrosia {unknown}
Books
 e - a book of Geomancy

   Spells                             Type                      Level
   a - Sandblast                      Earth                        1
   b - Passwall                       Transmutation/Earth          2
   c - Stone Arrow                    Conjuration/Earth            3
   d - Petrify                        Transmutation/Earth          4
   e - Lee's Rapid Deconstruction     Earth                        5
Comestibles
 d - 4 bread rations
 g - 2 chunks of flesh
 h - a meat ration


   Skills:
 - Level 1.5 Dodging
 - Level 2.1 Stealth
 - Level 2.0 Spellcasting
   Level 0.7 Transmutations
 + Level 5.6 Earth Magic


You had 5 spell levels left.
You knew the following spells:

 Your Spells              Type           Power        Failure   Level  Hunger
a - Sandblast             Erth           ###...       1%          1    #......


Dungeon Overview and Level Annotations

Branches:
Dungeon (2/15)

Altars:
Okawaru

Annotations:
D:2 Terence


Innate Abilities, Weirdness & Mutations

You are resistant to torment.
Your stone body is resilient. (AC +3)
You are immune to poison.
You resist negative energy. (rN+)
You are resistant to electric shocks. (rElec)
You can survive without breathing.
You are immune to petrification.
You are immune to rotting.


Message History

b - 68 stones Terence hits you but does no damage.
Casting: Sandblast
Confirm with . or Enter, or press ? or * to list all spells.
Aiming: Sandblast
Press: ? - help, Shift-Dir - straight line, f/p - Terence
Aim: Terence, wielding a flail of protection and wearing a chain mail (almost dead)
The blast of sand hits Terence.
Terence is almost dead.
b - 67 stones Terence hits you with a flail of protection.
* * * LOW HITPOINT WARNING * * *
You are too injured to fight recklessly!
You hit Terence but do no damage.
Terence is almost dead.
Terence hits you but does no damage.
You hit Terence but do no damage.
Terence is almost dead.
Terence hits you with a flail of protection.
You die...

######.#########.##.##.###.# #
........########...........# #
######.<..........#..#.###.# #
#........#######.###.#.# #.# #
.............# #.# #.#.# #.. #
#........###.# #.# #...# #.# #
#........###.###.# ##..# #.# #
#.............##@# #..# #.## #
#.............##@# ##.###.##.###
#.............##.#####..##.##.(..
#.............##.#......##.##....
#.............##.#.####..#.###...
############.###.................
#.#####.#####...######
#.##.........#..##
#########.##.........#...#####
####....................#........


You could see Terence.

Vanquished Creatures
  An adder (D:2)
  An ooze (D:2)
  A giant cockroach (D:1)
  3 goblins
  9 hobgoblins
  A quokka (D:2)
  5 bats
  2 frilled lizards
  7 kobolds
  7 rats
37 creatures vanquished.

Notes
Turn   | Place    | Note
-------+----------+-------------------------------------------
     0 | D:1      | esteth the Gargoyle Earth Elementalist began the quest for the Orb.
     0 | D:1      | Reached XP level 1. HP: 10/10 MP: 3/3
    41 | D:1      | Reached skill level 4 in Earth Magic
   356 | D:1      | Reached XP level 2. HP: 15/15 MP: 5/5
   936 | D:2      | Found an iron altar of Okawaru.
   958 | D:2      | Reached XP level 3. HP: 19/19 MP: 6/6
   974 | D:2      | Reached skill level 5 in Earth Magic
  1482 | D:2      | Noticed Terence
  1508 | D:2      | Slain by Terence

Skill      XL: |  1  2  3 |
---------------+----------+-----
Earth Magic    | 4 5 |  5.6
Dodging        | |  1.5
Stealth        | |  2.1
Spellcasting   | |  2.0
Transmutations | |  0.7

Action                   || total
-------------------------++-------
Melee: Unarmed           ||    11
       Short sword       ||    90
 Cast: Sandblast         ||    10
  Use: Scroll            ||     1
 Stab: Sleeping          ||     5
  Eat: Chunk             ||     2
Armor: Robe              ||    42
Dodge: Dodged            ||    64
